[Event "Tuesday 23 January Rapid Engine Tour 12+1 Rounds 9 Starts 1600 ST"]
[Site "Infinity Chess"]
[Date "2018.1.23"]
[Round "6"]
[White "SkyPilot"]
[Black "Prometheus"]
[Result "1/2-1/2"]
[ECO "C55"]
[WhiteElo "2479"]
[BlackElo "2455"]
[WhiteEngine "stockfish_x64_bmi2_2018_01_13_CTG"]
[BlackEngine "Eman 1.58-64bit-IDeA"]
[EventType "Swiss"]
[WhiteTeam ""]
[BlackTeam ""]
[PlyCount "206"]
[TimeControl "720+1"]

1. e4 e5 2. Nf3 Nc6 3. Bc4 Nf6 4. d3 Bc5 5. c3 d6 6. O-O O-O 7. Nbd2 a5 
8. h3 Be6 9. Bb5 Qc8 10. Re1 Qb8 11. Re2 Qa7 12. Ng5 Bc8 13. a4 Ne7 14. Bc4 Ng6 
15. Nf1 c6 16. Nf3 Bb6 17. Bb3 Be6 18. Bxe6 fxe6 19. Be3 d5 20. Qb3 Nd7 
21. Bxb6 Qxb6 22. Qxb6 Nxb6 23. N1d2 Nf4 24. Re3 d4 25. cxd4 exd4 26. Nxd4 Rfd8 
27. N2f3 c5 28. Nb5 Rxd3 29. Ne5 Rd2 30. b3 Rf8 31. Kf1 Rfd8 32. h4 Ng6 
33. Nf3 Rb2 34. g3 c4 35. bxc4 Nxc4 36. Re2 Rb4 37. e5 h6 38. Kg2 Nb2 
39. Nbd4 Nf8 40. Rb1 Nxa4 41. Rxb4 axb4 42. Rc2 Rd5 43. Rc4 Nc5 44. Rxb4 Nfd7 
45. Rb5 Kf7 46. Ne2 b6 47. Ned4 Nxe5 48. Nxe5+ Rxe5 49. Rxb6 Rd5 50. Nf3 Kf6 
51. Nh2 Rd4 52. Nf1 g5 53. hxg5+ hxg5 54. Ne3 Nd7 55. Rb7 Nc5 56. Rc7 Nd7 
57. Kf3 Ne5+ 58. Kg2 g4 59. Kf1 Kg6 60. Rb7 Nf3 61. Ke2 Ne5 62. Rc7 Rd8 
63. Kf1 Ra8 64. Kg2 Ra6 65. Re7 Kg5 66. Kf1 Ra1+ 67. Ke2 Kf6 68. Rh7 Kg5 
69. Rh2 Kg6 70. Rh8 Kf7 71. Rh5 Ra2+ 72. Kf1 Ra1+ 73. Ke2 Ra2+ 74. Kf1 Ra5 
75. Ke2 Kg6 76. Rh4 Kg5 77. Kf1 Ra3 78. Kg2 Rd3 79. Rh2 Rd4 80. Rh4 Nf7 
81. Kf1 Ra4 82. Rh7 Ne5 83. Rg7+ Kf6 84. Rc7 Ra8 85. Ke2 Ra4 86. Rc5 Ra8 
87. Kf1 Ra4 88. Ke2 Ra7 89. Rc3 Kg7 90. Rc2 Kf6 91. Rc3 Re7 92. Kd1 Rb7 
93. Ke2 Rb2+ 94. Rc2 Rxc2+ 95. Nxc2 Kg6 96. Ne1 Nd7 97. f3 Kf5 98. f4 Nf6 
99. Nc2 e5 100. fxe5 Kxe5 101. Ke3 Ne4 102. Kd3 Nxg3 103. Ne3 Kf4 1/2-1/2

[Event "Tuesday 23 January Rapid Engine Tour 12+1 Rounds 9 Starts 1600 ST"]
[Site "Infinity Chess"]
[Date "2018.1.23"]
[Round "6"]
[White "KhalidOmar"]
[Black "Gilgamesch"]
[Result "1/2-1/2"]
[ECO "C53"]
[WhiteElo "2475"]
[BlackElo "2478"]
[WhiteEngine "Eman 1.67 64-bit BMI2"]
[BlackEngine "BrainFish_171005_x64_bmi2"]
[EventType "Swiss"]
[WhiteTeam ""]
[BlackTeam ""]
[PlyCount "94"]
[TimeControl "720+1"]

1. e4 e5 2. Nf3 Nc6 3. Bc4 Bc5 4. c3 Nf6 5. d4 exd4 6. e5 d5 7. Bb5 Ne4 
8. cxd4 Bb6 9. O-O Bg4 10. a4 a5 11. Nc3 O-O 12. Bxc6 bxc6 13. h3 Bh5 14. Be3 f6 
15. g4 Be8 16. exf6 Nxf6 17. Rc1 Qd6 18. Ne5 Nd7 19. f4 Nxe5 20. fxe5 Rxf1+ 
21. Qxf1 Qb4 22. Qf3 Bg6 23. Rf1 Bxd4 24. Nxd5 Bxe3+ 25. Nxe3 Qc5 26. Qf4 h6 
27. Qc4+ Qxc4 28. Nxc4 Bc2 29. e6 Bxa4 30. Rf7 Bb3 31. Ne5 Bxe6 32. Rxc7 Rb8 
33. Nxc6 Rxb2 34. Nxa5 Ra2 35. Nc6 Ra1+ 36. Kg2 Bd5+ 37. Kg3 Bxc6 38. Rxc6 Ra3+ 
39. Kh4 Ra5 40. Rc8+ Kf7 41. Rc7+ Kg6 42. Rc1 Kh7 43. Rc3 Ra4 44. Rc8 Rb4 
45. Rc6 Rb2 46. g5 hxg5+ 47. Kxg5 Rb3 1/2-1/2

[Event "Tuesday 23 January Rapid Engine Tour 12+1 Rounds 9 Starts 1600 ST"]
[Site "Infinity Chess"]
[Date "2018.1.23"]
[Round "6"]
[White "ivrdurant"]
[Black "RonWeasley"]
[Result "1/2-1/2"]
[ECO "C11"]
[WhiteElo "2399"]
[BlackElo "2512"]
[WhiteEngine "Raubfisch X37b3._CTG"]
[BlackEngine "BrainFish 130117_CTG"]
[EventType "Swiss"]
[WhiteTeam ""]
[BlackTeam ""]
[PlyCount "93"]
[TimeControl "720+1"]

1. e4 e6 2. d4 d5 3. Nc3 Nf6 4. e5 Nfd7 5. f4 c5 6. Nf3 Nc6 7. Be3 cxd4 
8. Nxd4 Qb6 9. Qd2 Qxb2 10. Rb1 Qa3 11. Bb5 Nxd4 12. Bxd4 a6 13. Bxd7+ Bxd7 
14. Rb3 Qe7 15. Rxb7 Rc8 16. O-O Qd8 17. Qf2 Rxc3 18. Bxc3 Qc8 19. Rb3 Ba4 
20. Bd4 Bxb3 21. axb3 Be7 22. c3 O-O 23. b4 Qc6 24. h3 Bd8 25. Kh1 h6 26. f5 f6 
27. fxe6 Qxe6 28. exf6 Bxf6 29. Re1 Qc6 30. Bxf6 Qxf6 31. Qd2 Kh7 32. Qd3+ Kh8 
33. Ra1 Re8 34. Kh2 Qf4+ 35. Kh1 Qc7 36. Rb1 Qc6 37. Kg1 Qe6 38. Rf1 Kg8 
39. Ra1 Rc8 40. Rxa6 Qe1+ 41. Kh2 Qe5+ 42. Kg1 Rxc3 43. Ra8+ Kf7 44. Ra7+ Kg8 
45. Ra8+ Kf7 46. Ra7+ Kg8 47. Ra8+ 1/2-1/2

[Event "Tuesday 23 January Rapid Engine Tour 12+1 Rounds 9 Starts 1600 ST"]
[Site "Infinity Chess"]
[Date "2018.1.23"]
[Round "5"]
[White "OlivierEvan"]
[Black "BraveDevil"]
[Result "1/2-1/2"]
[ECO "D15"]
[WhiteElo "2382"]
[BlackElo "2383"]
[WhiteEngine "Houdini 6"]
[BlackEngine "Cryptic AIL V2"]
[EventType "Swiss"]
[WhiteTeam ""]
[BlackTeam ""]
[PlyCount "178"]
[TimeControl "720+1"]

1. d4 d5 2. c4 c6 3. Nf3 Nf6 4. Nc3 e6 5. e3 Nbd7 6. Qc2 Bd6 7. Bd3 O-O 
8. O-O dxc4 9. Bxc4 a6 10. Rd1 b5 11. Bd3 Bb7 12. Ng5 h6 13. Nge4 Bc7 14. a3 Nd5 
15. b4 a5 16. Nc5 Nxc5 17. bxc5 Qe7 18. Bb2 Rad8 19. Re1 Qg5 20. Nxd5 exd5 
21. e4 Bc8 22. e5 f5 23. f3 f4 24. Bc1 a4 25. Bd2 Bf5 26. g3 Ra8 27. Re2 Ba5 
28. Bxa5 Rxa5 29. Bxf5 Qxf5 30. Qxf5 Rxf5 31. g4 Rf8 32. h4 g6 33. Kf1 Kf7 
34. Rb1 Ke6 35. Ke1 Ra7 36. Kd2 Rh8 37. Kd3 Rc7 38. Rh1 Rcc8 39. h5 g5 
40. Ra1 Rhf8 41. Rb1 Rfe8 42. Rbb2 Rcd8 43. Re1 Rc8 44. Rd2 Rcd8 45. Ra2 Kd7 
46. Kc3 Ke6 47. Rb2 Re7 48. Kb4 Rb8 49. Rbb1 Rf7 50. Rec1 Ra8 51. Rh1 Kd7 
52. Rhd1 Ke6 53. Kc3 Re7 54. Ra1 Rh7 55. Rd2 Rc7 56. Rda2 Rd7 57. Re1 Rf7 
58. Rf2 Rc8 59. Kd2 Ra8 60. Kd3 Re8 61. Ra2 Rb8 62. Rb1 Rfb7 63. Rb4 Ra7 
64. Kc2 Re8 65. Kc3 Kf7 66. Rh2 Rae7 67. Kd3 Ra8 68. Rbb2 Rb7 69. Rhg2 Ke6 
70. Rb1 Rab8 71. Kc3 Rf7 72. Rbg1 Rc7 73. Rc1 Re8 74. Re2 Ra7 75. Rh1 Rb8 
76. Rc2 Rab7 77. Kb4 Ra8 78. Re1 Raa7 79. Rce2 Rh7 80. Rb2 Rae7 81. Rh2 Rh8 
82. Ra1 Ra7 83. Kc3 Rd8 84. Re1 Rg7 85. Rc2 Rdd7 86. Rb2 Ra7 87. Rbb1 Raf7 
88. Kb4 Rf8 89. Rec1 Rg6 1/2-1/2

[Event "Tuesday 23 January Rapid Engine Tour 12+1 Rounds 9 Starts 1600 ST"]
[Site "Infinity Chess"]
[Date "2018.1.23"]
[Round "5"]
[White "angriff"]
[Black "Katzenmaier"]
[Result "1/2-1/2"]
[ECO "D31"]
[WhiteElo "2435"]
[BlackElo "2478"]
[WhiteEngine "Raubfisch ME262_GTZ16b2_CTG"]
[BlackEngine "SugaR XPrO x64 POPCNT_CTG"]
[EventType "Swiss"]
[WhiteTeam ""]
[BlackTeam ""]
[PlyCount "133"]
[TimeControl "720+1"]

1. d4 d5 2. c4 e6 3. Nc3 c6 4. Nf3 Nf6 5. e3 Nbd7 6. Qc2 Bd6 7. Bd3 dxc4 
8. Bxc4 O-O 9. O-O a6 10. a4 c5 11. dxc5 Bxc5 12. Ne4 Nxe4 13. Qxe4 Qe7 
14. b3 Nf6 15. Qh4 b6 16. Ne5 Bb7 17. Bb2 Rfd8 18. Rfd1 Rac8 19. Rxd8+ Qxd8 
20. Bf1 h6 21. Rc1 Bf8 22. Rxc8 Qxc8 23. Qc4 Qd8 24. Bd4 Bd6 25. Qc2 Qb8 
26. f4 Nd5 27. Nc4 Bc7 28. g3 Qd8 29. Qd3 Nb4 30. Qd2 Nd5 31. Qd3 Bc6 
32. Kf2 Nf6 33. Nd2 Ng4+ 34. Ke1 b5 35. Qc3 e5 36. fxe5 Qd5 37. e4 Qe6 
38. axb5 axb5 39. Qc5 Nxe5 40. Bxe5 Bxe5 41. Bxb5 Bxb5 42. Qxb5 g6 43. Qd3 Qf6 
44. Ke2 Bc7 45. Qd5 Bb6 46. e5 Qf2+ 47. Kd3 Qxh2 48. Ne4 Qh3 49. b4 Kg7 
50. Kc2 Bg1 51. Kb2 Qe6 52. Qxe6 Bd4+ 53. Kb3 fxe6 54. Kc4 Bxe5 55. b5 Kf7 
56. Kc5 Ke7 57. Kc6 Bb8 58. b6 Be5 59. g4 h5 60. gxh5 gxh5 61. b7 h4 62. Nf2 Bg3 
63. Kb5 Kd7 64. Kc4 h3 65. b8=Q Bxb8 66. Nxh3 e5 67. Kd5 1/2-1/2

[Event "Tuesday 23 January Rapid Engine Tour 12+1 Rounds 9 Starts 1600 ST"]
[Site "Infinity Chess"]
[Date "2018.1.23"]
[Round "5"]
[White "Wolle"]
[Black "Eman"]
[Result "1/2-1/2"]
[ECO "C55"]
[WhiteElo "2477"]
[BlackElo "2454"]
[WhiteEngine "Raubfisch X37a2_CTG"]
[BlackEngine "Eman 1.67 64-bit POPCNT"]
[EventType "Swiss"]
[WhiteTeam ""]
[BlackTeam ""]
[PlyCount "124"]
[TimeControl "720+1"]

1. e4 e5 2. Nf3 Nc6 3. Bc4 Nf6 4. d3 Bc5 5. c3 a5 6. O-O d6 7. Bg5 O-O 8. Re1 h6 
9. Bh4 g5 10. Bg3 g4 11. Bh4 gxf3 12. Qxf3 Kg7 13. Nd2 Be6 14. Rad1 Bxc4 
15. Nxc4 Qe7 16. d4 exd4 17. Qg3+ Kh7 18. Qf4 Qe6 19. Bxf6 dxc3 20. Bxc3 f5 
21. e5 d5 22. Nd2 a4 23. Nf3 Rg8 24. h3 Rg7 25. Kf1 Ne7 26. Bd2 Bb6 27. g3 Rf8 
28. b3 axb3 29. axb3 c5 30. b4 c4 31. Kg2 Ra8 32. Be3 Bxe3 33. Qxe3 Rf8 
34. Nd4 Qf7 35. Kf1 f4 36. Qxf4 Qxf4 37. gxf4 Rgf7 38. Ne2 b5 39. f3 Nc6 
40. Rxd5 Nxb4 41. Rxb5 Nd3 42. e6 Rg7 43. Rd1 Nxf4 44. Rd6 Nxh3 45. Nd4 c3 
46. Rd7 Nf4 47. e7 Re8 48. Rbb7 Ng6 49. Nf5 c2 50. Rdc7 Rf7 51. Nd6 Rexe7 
52. Nxf7 c1=Q+ 53. Rxc1 Rxb7 54. Nd6 Rd7 55. Nf5 h5 56. Rc3 h4 57. f4 Rb7 
58. Kf2 Rf7 59. Nxh4 Nxf4 60. Rc8 Nh5+ 61. Nf3 Ra7 62. Ne5 Ra3 1/2-1/2

[Event "Tuesday 23 January Rapid Engine Tour 12+1 Rounds 9 Starts 1600 ST"]
[Site "Infinity Chess"]
[Date "2018.1.23"]
[Round "5"]
[White "MarioDeMonti"]
[Black "Dinkelberger"]
[Result "1/2-1/2"]
[ECO "C11"]
[WhiteElo "2461"]
[BlackElo "2380"]
[WhiteEngine "stockfish_x64_bmi2_2018_01_13_CTG"]
[BlackEngine "stockfish_18011309_x64_modern_CTG"]
[EventType "Swiss"]
[WhiteTeam ""]
[BlackTeam ""]
[PlyCount "94"]
[TimeControl "720+1"]

1. e4 e6 2. d4 d5 3. Nc3 Nf6 4. e5 Nfd7 5. f4 c5 6. Nf3 Nc6 7. Be3 Be7 8. Qd2 a6 
9. Be2 b5 10. O-O O-O 11. a3 Qc7 12. dxc5 Nxc5 13. Nd4 Bb7 14. Rfd1 Rfd8 
15. Rac1 Ne4 16. Nxe4 dxe4 17. Qc3 Rac8 18. Nxc6 Bxc6 19. Rxd8+ Rxd8 
20. Rd1 Rxd1+ 21. Bxd1 f5 22. Be2 Kf7 23. g4 Qd7 24. g5 b4 25. axb4 Bb5 
26. Qe1 Bxe2 27. Qxe2 Bxb4 28. c3 Be7 29. Qxa6 Qd1+ 30. Qf1 Qc2 31. Qf2 Qd1+ 
32. Qf1 Qc2 33. Qc1 Qe2 34. c4 Bb4 35. c5 Qg4+ 36. Kh1 Qf3+ 37. Kg1 g6 
38. Bf2 Qg4+ 39. Kh1 Qe2 40. Be3 Ba5 41. Kg1 h6 42. b4 Bxb4 43. gxh6 Qg4+ 
44. Kf1 Qf3+ 45. Kg1 Qg4+ 46. Kf1 Qf3+ 47. Kg1 Qg4+ 1/2-1/2

[Event "Tuesday 23 January Rapid Engine Tour 12+1 Rounds 9 Starts 1600 ST"]
[Site "Infinity Chess"]
[Date "2018.1.23"]
[Round "5"]
[White "hafaba"]
[Black "Thinker"]
[Result "1/2-1/2 "]
[ECO "A00"]
[WhiteElo "2420"]
[BlackElo "2422"]
[WhiteEngine "Stockfish SL FA POPCNT_CTG"]
[BlackEngine "BrainFish_180113_x64_modern_CTG"]
[EventType "Swiss"]
[WhiteTeam ""]
[BlackTeam ""]
[PlyCount "122"]
[TimeControl "720+1"]

1. g3 c5 2. c4 g6 3. Nc3 Bg7 4. Bg2 Nc6 5. b3 Nf6 6. Ba3 d6 7. Nf3 O-O 8. O-O e5 
9. d3 Rb8 10. Bb2 h6 11. Rc1 Be6 12. e3 Re8 13. Ne1 a6 14. Qd2 Qa5 15. f4 exf4 
16. Rxf4 Ne5 17. d4 Ned7 18. Ba1 d5 19. cxd5 Nxd5 20. Bxd5 Bxd5 21. dxc5 Bc6 
22. b4 Qd8 23. Nd5 Nb6 24. cxb6 Qxd5 25. Qxd5 Bxd5 26. Bxg7 Kxg7 27. Rd4 Bxa2 
28. e4 g5 29. Nf3 Be6 30. Kf2 Bg4 31. Rc7 Re6 32. e5 Bxf3 33. Kxf3 Rxe5 
34. Rdd7 Rf5+ 35. Ke3 Rf6 36. Rxb7 Rxb6 37. Rxf7+ Kg6 38. Rxb6+ Rxb6 
39. Rc7 Rxb4 40. Rc6+ Kg7 41. Rxa6 Rb3+ 42. Kd4 Rb4+ 43. Kc3 Rb5 44. h3 h5 
45. Rc6 Ra5 46. g4 Ra3+ 47. Kd4 h4 48. Rc7+ Kf6 49. Rc1 Ra6 50. Ke3 Re6+ 
51. Kf3 Kg6 52. Rc7 Rf6+ 53. Ke4 Ra6 54. Rc5 Re6+ 55. Kd3 Rd6+ 56. Kc4 Rd2 
57. Ra5 Rh2 58. Ra6+ Kf7 59. Ra7+ Ke6 60. Kd4 Rxh3 61. Ra6+ Kf7 1/2-1/2

[Event "Tuesday 23 January Rapid Engine Tour 12+1 Rounds 9 Starts 1600 ST"]
[Site "Infinity Chess"]
[Date "2018.1.23"]
[Round "5"]
[White "Dovahkiin"]
[Black "star99"]
[Result "1/2-1/2"]
[ECO "A00"]
[WhiteElo "2424"]
[BlackElo "2436"]
[WhiteEngine "BrainFish_180113_x64_modern_CTG"]
[BlackEngine "Cryptic AIL V2"]
[EventType "Swiss"]
[WhiteTeam ""]
[BlackTeam ""]
[PlyCount "58"]
[TimeControl "720+1"]

1. e3 e5 2. e4 Nf6 3. Nc3 Bb4 4. Nf3 O-O 5. Nxe5 d5 6. Nd3 Bxc3 7. dxc3 dxe4 
8. Nf4 Qxd1+ 9. Kxd1 Rd8+ 10. Ke1 Nc6 11. Ne2 h6 12. Ng3 a5 13. f3 Re8 
14. Kf2 Bd7 15. Be2 Ne5 16. Re1 exf3 17. gxf3 a4 18. Bd2 b5 19. Rad1 Re6 
20. a3 Rae8 21. Nf5 Ng6 22. Ne3 Re5 23. c4 bxc4 24. Bxc4 Rh5 25. Bc3 Bc6 
26. Kg3 Rg5+ 27. Kf2 Rh5 28. Kg3 Rg5+ 29. Kf2 Rh5 1/2-1/2

[Event "Tuesday 23 January Rapid Engine Tour 12+1 Rounds 9 Starts 1600 ST"]
[Site "Infinity Chess"]
[Date "2018.1.23"]
[Round "5"]
[White "Ninja_Bp"]
[Black "NINJA_JENGKA"]
[Result "1/2-1/2"]
[ECO "A06"]
[WhiteElo "2434"]
[BlackElo "2452"]
[WhiteEngine "Houdini 6_CTG"]
[BlackEngine "Houdini 6"]
[EventType "Swiss"]
[WhiteTeam ""]
[BlackTeam ""]
[PlyCount "53"]
[TimeControl "720+1"]

1. Nf3 d5 2. d4 Nf6 3. c4 e6 4. Nc3 c6 5. e3 Nbd7 6. Bd3 dxc4 7. Bxc4 b5 
8. Bd3 a6 9. e4 c5 10. e5 cxd4 11. Nxb5 Nxe5 12. Nxe5 axb5 13. Bxb5+ Bd7 
14. Nxd7 Qa5+ 15. Bd2 Qxb5 16. Nxf8 Qxb2 17. O-O Kxf8 18. a4 h6 19. Qf3 Nd5 
20. Rfd1 Qc2 21. Be1 Kg8 22. Rxd4 Ra7 23. h3 Kh7 24. a5 Rb8 25. Rdd1 Rc7 
26. Qg4 Ra8 27. Bd2 1/2-1/2

[Event "Tuesday 23 January Rapid Engine Tour 12+1 Rounds 9 Starts 1600 ST"]
[Site "Infinity Chess"]
[Date "2018.1.23"]
[Round "5"]
[White "Longin"]
[Black "Marsell"]
[Result "1/2-1/2"]
[ECO "C55"]
[WhiteElo "2449"]
[BlackElo "2492"]
[WhiteEngine "S_XPrO.251117.x64.POPCNT_CTG"]
[BlackEngine "asmFishW_2018-01-11_popcnt"]
[EventType "Swiss"]
[WhiteTeam ""]
[BlackTeam ""]
[PlyCount "104"]
[TimeControl "720+1"]

1. e4 e5 2. Nf3 Nc6 3. Bc4 Nf6 4. d3 Bc5 5. O-O d6 6. c3 O-O 7. Bb3 a6 
8. Nbd2 Ba7 9. h3 h6 10. Re1 Re8 11. Nf1 Be6 12. Bxe6 Rxe6 13. Be3 Bxe3 
14. Nxe3 d5 15. Qc2 Qd7 16. Rad1 b6 17. g3 a5 18. Kg2 Rae8 19. Qa4 Rb8 
20. Qb3 Rd8 21. a3 Kh7 22. Rd2 d4 23. Nc2 Kg8 24. cxd4 Nxd4 25. Ncxd4 exd4 
26. Qc4 a4 27. Rb1 c5 28. b3 axb3 29. Rxb3 Ra8 30. Rdb2 Qa7 31. a4 Qxa4 
32. Qxa4 Rxa4 33. Rxb6 c4 34. Rxe6 fxe6 35. dxc4 Rxc4 36. e5 Nd7 37. Rd2 Kf7 
38. Nxd4 Nxe5 39. f4 Nc6 40. Nxc6 Rxc6 41. Rd7+ Kf6 42. g4 Rc2+ 43. Kf3 Rc3+ 
44. Kg2 Rc6 45. h4 Rc3 46. h5 Rc2+ 47. Kf3 Rc3+ 48. Kg2 Rc2+ 49. Kf1 Rc4 
50. g5+ hxg5 51. fxg5+ Kxg5 52. Rxg7+ Kxh5 1/2-1/2

[Event "Tuesday 23 January Rapid Engine Tour 12+1 Rounds 9 Starts 1600 ST"]
[Site "Infinity Chess"]
[Date "2018.1.23"]
[Round "5"]
[White "ivrdurant"]
[Black "Prometheus"]
[Result "1/2-1/2"]
[ECO "B54"]
[WhiteElo "2397"]
[BlackElo "2457"]
[WhiteEngine "Raubfisch X37b3._CTG"]
[BlackEngine "Eman 1.58-64bit-IDeA"]
[EventType "Swiss"]
[WhiteTeam ""]
[BlackTeam ""]
[PlyCount "115"]
[TimeControl "720+1"]

1. e4 c5 2. Nf3 d6 3. d4 cxd4 4. Nxd4 Nc6 5. c4 Nxd4 6. Qxd4 Nf6 7. f3 e5 
8. Qd2 b5 9. Nc3 b4 10. Nd5 Nxd5 11. cxd5 a5 12. Qg5 f6 13. Qg3 g6 14. Qf2 f5 
15. Be3 Bg7 16. Bd3 O-O 17. O-O Bd7 18. Rac1 Rf7 19. Rc2 Rb8 20. b3 Bf6 
21. Kh1 Bh4 22. Qg1 Bg5 23. exf5 Bxe3 24. Qxe3 gxf5 25. Rfc1 f4 26. Qe2 Kh8 
27. Be4 Ra8 28. Qf2 Rg7 29. Rc7 Qg5 30. R1c2 Rag8 31. Rc1 Qh5 32. R1c2 Bf5 
33. Rxg7 Kxg7 34. Bxf5 Qxf5 35. Rc7+ Kh8 36. Qc2 Qxc2 37. Rxc2 a4 38. Rc6 axb3 
39. axb3 Ra8 40. h4 Ra3 41. Rxd6 Rxb3 42. Rb6 Kg7 43. Kh2 Kf7 44. Rh6 Rd3 
45. Rxh7+ Kf6 46. Rb7 b3 47. d6 Ke6 48. Rb8 Kd7 49. h5 Rxd6 50. g4 fxg3+ 
51. Kxg3 Ke7 52. Rxb3 Kf6 53. h6 Kg6 54. Rb5 e4 55. fxe4 Kxh6 56. Kf4 Kg7 
57. e5 Rg6 58. Kf5 1/2-1/2

[Event "Tuesday 23 January Rapid Engine Tour 12+1 Rounds 9 Starts 1600 ST"]
[Site "Infinity Chess"]
[Date "2018.1.23"]
[Round "5"]
[White "Gilgamesch"]
[Black "SkyPilot"]
[Result "1/2-1/2"]
[ECO "C55"]
[WhiteElo "2478"]
[BlackElo "2479"]
[WhiteEngine "BrainFish_171005_x64_bmi2"]
[BlackEngine "stockfish_x64_bmi2_2018_01_13_CTG"]
[EventType "Swiss"]
[WhiteTeam ""]
[BlackTeam ""]
[PlyCount "78"]
[TimeControl "720+1"]

1. e4 e5 2. Nf3 Nc6 3. Bc4 Nf6 4. d3 Bc5 5. O-O d6 6. c3 O-O 7. Bg5 h6 8. Bh4 g5 
9. Bg3 a5 10. Nbd2 Ba7 11. Bb3 Nh7 12. Kh1 Qf6 13. Nc4 Qg7 14. Ne3 Nf6 
15. a4 Kh8 16. Qe2 Bd7 17. Nd2 Qg6 18. Bc2 Be6 19. Ndc4 Rg8 20. f3 h5 21. Bf2 h4 
22. Rad1 Nh5 23. Rd2 Qh7 24. Qe1 Rgf8 25. Kg1 Nf4 26. Qd1 Qg7 27. Bb3 Bc5 
28. Na3 h3 29. g3 Bxe3 30. Bxe3 f5 31. Bf2 Qg6 32. Nb5 Rac8 33. Bc2 fxe4 
34. fxe4 Ng2 35. Kh1 Ne7 36. Na7 Ra8 37. Nb5 Rac8 38. Na7 Rb8 39. Nb5 Rbc8 
1/2-1/2

[Event "Tuesday 23 January Rapid Engine Tour 12+1 Rounds 9 Starts 1600 ST"]
[Site "Infinity Chess"]
[Date "2018.1.23"]
[Round "5"]
[White "RonWeasley"]
[Black "KhalidOmar"]
[Result "1/2-1/2"]
[ECO "C55"]
[WhiteElo "2514"]
[BlackElo "2473"]
[WhiteEngine "BrainFish 130117_CTG"]
[BlackEngine "Eman 1.67 64-bit BMI2"]
[EventType "Swiss"]
[WhiteTeam ""]
[BlackTeam ""]
[PlyCount "107"]
[TimeControl "720+1"]

1. e4 e5 2. Nf3 Nc6 3. Bc4 Nf6 4. d3 Bc5 5. c3 a5 6. Bg5 h6 7. Bh4 g5 8. Bg3 d6 
9. O-O O-O 10. a4 Kg7 11. Na3 Ne7 12. d4 exd4 13. e5 dxe5 14. Bxe5 Nc6 
15. cxd4 Nxe5 16. dxe5 Nh5 17. g3 Bh3 18. Re1 Qxd1 19. Rexd1 Rad8 20. Bf1 Rxd1 
21. Rxd1 Bg4 22. Be2 f6 23. Nc4 b6 24. Rd2 Be6 25. Nd4 Bxd4 26. Rxd4 fxe5 
27. Nxe5 Rf5 28. Re4 Nf6 29. Re3 Nd5 30. Re4 Nf6 31. Re3 Nd5 32. Re4 Nb4 
33. Ng4 Bd5 34. Re3 Rf7 35. Rc3 Re7 36. Ne3 Kf6 37. Nxd5+ Nxd5 38. Rc6+ Re6 
39. Rxe6+ Kxe6 40. Kg2 Ke5 41. Kf3 c5 42. h4 gxh4 43. gxh4 Kd4 44. Kg4 c4 
45. Bxc4 Kxc4 46. Kh5 b5 47. axb5 a4 48. Kxh6 Kb3 49. b6 Nxb6 50. h5 Kxb2 
51. Kg7 a3 52. h6 Kb3 53. h7 a2 54. h8=Q 1/2-1/2

[Event "Tuesday 23 January Rapid Engine Tour 12+1 Rounds 9 Starts 1600 ST"]
[Site "Infinity Chess"]
[Date "2018.1.23"]
[Round "4"]
[White "Katzenmaier"]
[Black "OlivierEvan"]
[Result "1-0"]
[ECO "C26"]
[WhiteElo "2465"]
[BlackElo "2395"]
[WhiteEngine "SugaR XPrO x64 POPCNT_CTG"]
[BlackEngine "Houdini 6"]
[EventType "Swiss"]
[WhiteTeam ""]
[BlackTeam ""]
[PlyCount "184"]
[TimeControl "720+1"]

1. e4 e5 2. Nc3 Nf6 3. g3 Bc5 4. Bg2 Nc6 5. d3 a5 6. Nge2 d6 7. O-O O-O 8. h3 h6 
9. Kh2 Nd4 10. f4 Bd7 11. f5 b5 12. Nxd4 Bxd4 13. Nd5 Nxd5 14. exd5 f6 
15. c3 Bb6 16. Qg4 Kh8 17. a3 Qe8 18. Bd2 c5 19. Be4 c4 20. Qf3 Qf7 21. g4 Rfc8 
22. h4 Be8 23. Rab1 Rab8 24. Kh3 cxd3 25. Qxd3 b4 26. axb4 axb4 27. c4 b3 
28. Qe2 Bd4 29. Rf3 Rb7 30. Rg3 Rbc7 31. Bd3 Bd7 32. Ba5 Ra7 33. Bb4 Qe7 
34. Bd2 Ra2 35. Be3 Bxe3 36. Qxe3 h5 37. Kg2 e4 38. Be2 Re8 39. gxh5 Bxf5 
40. Qf4 Bh7 41. Rxb3 f5 42. Kh3 Qf6 43. Rb7 Raa8 44. Rg1 Re7 45. Rxe7 Qxe7 
46. h6 gxh6 47. Qxh6 Qf8 48. Qf4 Qf6 49. Rg3 Bg8 50. h5 Qe5 51. Qxe5+ dxe5 
52. Rg5 f4 53. Bg4 f3 54. Rxe5 Ra1 55. d6 f2 56. Be2 f1=Q+ 57. Bxf1 Rxf1 
58. Re7 Rd1 59. c5 Bc4 60. Kg3 Bb5 61. Kf4 Bc6 62. Rc7 Rf1+ 63. Kg5 Ba4 
64. d7 Bxd7 65. Rxd7 e3 66. Re7 Rc1 67. Kg6 Rg1+ 68. Kh6 Kg8 69. Rxe3 Rd1 
70. Rc3 Kf7 71. c6 Rd6+ 72. Kg5 Rd5+ 73. Kf4 Rd8 74. c7 Rc8 75. h6 Kg6 
76. h7 Kxh7 77. Ke5 Re8+ 78. Kd5 Re2 79. c8=Q Rd2+ 80. Kc5 Rh2 81. Qg8+ Kxg8 
82. b4 Kf7 83. b5 Ke7 84. Kc6 Kd8 85. Kb7 Kd7 86. b6 Rb2 87. Rd3+ Ke7 
88. Kc7 Rc2+ 89. Kb8 Ke6 90. Ra3 Kd5 91. b7 Rf2 92. Ka8 Rb2 1-0

[Event "Tuesday 23 January Rapid Engine Tour 12+1 Rounds 9 Starts 1600 ST"]
[Site "Infinity Chess"]
[Date "2018.1.23"]
[Round "4"]
[White "Thinker"]
[Black "BraveDevil"]
[Result "1-0"]
[ECO "B90"]
[WhiteElo "2406"]
[BlackElo "2399"]
[WhiteEngine "BrainFish_180113_x64_modern_CTG"]
[BlackEngine "Cryptic AIL V2"]
[EventType "Swiss"]
[WhiteTeam ""]
[BlackTeam ""]
[PlyCount "207"]
[TimeControl "720+1"]

1. e4 c5 2. Nf3 d6 3. d4 cxd4 4. Nxd4 Nf6 5. Nc3 a6 6. Be3 e5 7. Nb3 Be7 
8. Be2 Be6 9. Qd3 Nc6 10. a3 Rc8 11. Nd5 O-O 12. Rd1 Bxd5 13. exd5 Na5 
14. Nxa5 Qxa5+ 15. b4 Qa4 16. c4 e4 17. Qc3 b5 18. c5 dxc5 19. d6 cxb4 
20. Qxb4 Qxb4+ 21. axb4 Bd8 22. d7 Rc7 23. Bc5 Rxd7 24. Rxd7 Nxd7 25. Bxf8 Kxf8 
26. O-O Ke7 27. Bg4 Nf6 28. Bc8 a5 29. bxa5 Bxa5 30. Rc1 e3 31. fxe3 Bd2 
32. Rb1 b4 33. Kf1 Bc3 34. Ke2 Ne4 35. Bb7 Nc5 36. Bd5 h5 37. Bc4 g6 38. h3 h4 
39. Rd1 b3 40. Rd5 b2 41. Ba2 Na6 42. Rb5 Nb4 43. Rb7+ Kd6 44. Bb1 Ke6 45. e4 g5 
46. Rb5 f6 47. Rc5 Be5 48. Rc4 Bd6 49. Rc3 Be5 50. Rc4 Bd6 51. Kf3 Ke5 
52. Rc3 Kd4 53. Rb3 Nc6 54. Rxb2 Ne5+ 55. Ke2 Ng6 56. Rd2+ Ke5 57. Kf3 Nf4 
58. g3 hxg3 59. Kxg3 Ng6 60. Kg4 Ne7 61. Ra2 Kd4 62. Ra4+ Kc5 63. Kh5 Be5 
64. Bd3 Nc6 65. Kg6 Kd6 66. Bf1 Ne7+ 67. Kf7 Nc6 68. Ra8 Bd4 69. Re8 Kc5 
70. Kg6 Kd6 71. Bb5 Nb4 72. Kf5 Kc5 73. Rd8 Ba1 74. Bf1 Bd4 75. Rc8+ Kd6 
76. Rd8+ Kc5 77. Rc8+ Kd6 78. Bb5 Be5 79. Rc4 Na2 80. Rc6+ Ke7 81. Re6+ Kd8 
82. Rxf6 Bxf6 83. Kxf6 Nc3 84. Bc6 Kc7 85. Ba8 Kc8 86. e5 Nb5 87. Kxg5 Kd7 
88. Kf6 Nc7 89. Bf3 Ke8 90. Bh5+ Kd8 91. Bf7 Kc8 92. h4 Kd8 93. h5 Na8 
94. e6 Kc7 95. e7 Nb6 96. e8=Q Nd7+ 97. Ke6 Nb6 98. h6 Kb7 99. Qb5 Ka7 
100. h7 Na8 101. Kd6 Nb6 102. h8=Q Nc8+ 103. Kc7 Nb6 104. Qxb6# 1-0

[Event "Tuesday 23 January Rapid Engine Tour 12+1 Rounds 9 Starts 1600 ST"]
[Site "Infinity Chess"]
[Date "2018.1.23"]
[Round "4"]
[White "Eman"]
[Black "angriff"]
[Result "1/2-1/2"]
[ECO "A40"]
[WhiteElo "2455"]
[BlackElo "2434"]
[WhiteEngine "Eman 1.67 64-bit POPCNT"]
[BlackEngine "Raubfisch ME262_GTZ16b2_CTG"]
[EventType "Swiss"]
[WhiteTeam ""]
[BlackTeam ""]
[PlyCount "115"]
[TimeControl "720+1"]

1. d4 c6 2. e4 d5 3. e5 c5 4. Nf3 cxd4 5. Nxd4 Nc6 6. c4 e6 7. Nc3 Bc5 
8. Nxc6 bxc6 9. cxd5 cxd5 10. b4 Be7 11. Rb1 Bd7 12. Be3 Nh6 13. Bd3 O-O 
14. O-O f6 15. exf6 Rxf6 16. Re1 Rf7 17. Bxh6 gxh6 18. Bb5 Rc8 19. Bxd7 Qxd7 
20. Na4 Qc6 21. Nb2 Qc2 22. Nd3 Rc3 23. Qxc2 Rxc2 24. Rxe6 Rxa2 25. g3 Rd2 
26. Rb3 Bd8 27. Kf1 Bb6 28. Re2 Rxe2 29. Kxe2 Re7+ 30. Kf3 Re4 31. Nf4 Rd4 
32. Rb2 Kf7 33. b5 Bc7 34. Ra2 Bb6 35. Re2 Bc7 36. Ne6 Rd3+ 37. Kg2 Rc3 
38. Nxc7 Rxc7 39. Kf3 h5 40. Ke3 Ke6 41. Kd4+ Kd6 42. Ra2 Rc4+ 43. Ke3 Rc3+ 
44. Kd2 Rf3 45. Rxa7 Rxf2+ 46. Ke3 Rxh2 47. Kd4 Rd2+ 48. Kc3 Rh2 49. Kd4 Rd2+ 
50. Kc3 Rg2 51. Rxh7 Rxg3+ 52. Kc2 d4 53. b6 Rc3+ 54. Kd2 Kc6 55. b7 Rb3 
56. Rxh5 Kxb7 57. Rh4 Kb6 58. Rxd4 1/2-1/2